 Dungeon Crawl Stone Soup version 0.18-a0-659-gb9673d2 (webtiles) character file.

487 George the Slasher (level 6, -2/47 HPs)
             Began as a Demonspawn Fighter on Dec 5, 2015.
             Killed by nerve-wracking pain
             ... invoked by Grinder
              (3 damage)
             ... on level 4 of the Dungeon.
             The game lasted 00:08:15 (5310 turns).

George the Slasher (Demonspawn Fighter)             Turns: 5310, Time: 00:08:15

Health: -2/47      AC: 11    Str: 23    XL:     6   Next: 89%
Magic:  6/6        EV:  4    Int: 10    God:
Gold:   411        SH:  9    Dex: 12    Spells: 0 memorised, 5 levels left

rFire  . . .     SeeInvis .     a - +1 long sword
rCold  . . .     Clarity  .     I - +0 plate armour
rNeg   . . .     SustAt   .     c - +0 shield
rPois  +         Gourm    .     (helmet restricted)
rElec  .         Spirit   .     (no cloak)
rCorr  +         Dismiss  .     (no gloves)
rMut   .         Stasis   .     (no boots)
MR     .....                    o - amulet of resist corrosion
Stlth  ..........               J - ring of poison resistance
                                h - +5 ring of strength

@: not resistant to hostile enchantments, extremely unstealthy
A: antennae 2, claws 2
a: no special abilities


You were on level 4 of the Dungeon.
You were not hungry.

You visited 1 branch of the dungeon, and saw 4 of its levels.
You also visited: Sewer.

You collected 411 gold pieces.

Inventory:

Hand Weapons
 a - a +1 long sword (weapon)
Armour
 c - a +0 shield (worn)
 I - a +0 plate armour (worn)
Jewellery
 h - a +5 ring of strength (left claw)
 o - an amulet of resist corrosion (around neck)
 J - a ring of poison resistance (right claw)
Scrolls
 l - 2 scrolls of blinking
 y - a scroll of teleportation
Potions
 d - a potion of might
 f - a potion of ambrosia
 g - 3 potions of haste
 t - a potion of brilliance
 u - 2 potions of agility {unknown}
 w - a potion of cancellation {unknown}
 z - a potion of curing {unknown}
 C - 2 potions of invisibility {unknown}
 D - 2 potions of flight {unknown}
 E - 4 potions of poison {unknown}
 F - a potion of heal wounds {unknown}
Comestibles
 e - 3 bread rations
 m - 3 fruits
 p - a beef jerky
 s - 3 meat rations


   Skills:
 - Level 3.0 Fighting
 + Level 6.8 Long Blades
 - Level 2.6 Armour
 - Level 2.6 Shields


You had 5 spell levels left.
You didn't know any spells.

Dungeon Overview and Level Annotations

Branches:
Dungeon (4/15)
 Temple: D:4-7

Altars:
Elyvilon
Fedhas
Gozag
Yredelemnul

Annotations:
D:4 Grinder


Innate Abilities, Weirdness & Mutations

You have a pair of antennae on your head.
You have very sharp fingernails.


Message History

You slash Grinder!
Grinder is almost dead.
Grinder gestures.
Grinder blinks!
Grinder gestures at you. Pain shoots through your body!
* * * LOW HITPOINT WARNING * * *
Grinder gestures at you.
You suddenly lose the ability to move!
Grinder hits you.
* * * LOW HITPOINT WARNING * * *
Grinder hits you.
* * * LOW HITPOINT WARNING * * *
Grinder hits you but does no damage.
You can move again.
You closely miss Grinder.
Grinder is severely wounded.
Grinder gestures at you. Pain shoots through your body!
You die...

.##.###...#######.##.# #.# #
..................*#.# #.# #
.##.####.#########*#.# #.# #
.#### #.# #.# #.# # ....# #.#
#.# #.# # .#### #.#
#.#######.# # .# #.#
#.........# #
.###################.#########
# ................@5...#
.###################.# ## #.#
###


You could see Grinder.

Vanquished Creatures
  An ogre (D:4)
  A giant frog skeleton (D:4)
  A hound (D:3)
  An orc priest (D:4)
  A jelly (D:3)
  Natasha (D:4)
  3 gnolls (D:4)
  3 adders (D:3)
  6 oozes
  An adder zombie (D:3)
  8 worms
  13 giant geckos
  8 orcs
  A ball python (D:1)
  10 goblins
  15 hobgoblins
  8 jackals
  9 kobolds
  2 quokkas
  17 bats
  11 giant cockroaches
  6 giant newts
  5 rats
132 creatures vanquished.

Notes
Turn   | Place    | Note
--------------------------------------------------------------
     0 | D:1      | George the Demonspawn Fighter began the quest for the Orb.
     0 | D:1      | Reached XP level 1. HP: 18/18 MP: 1/1
   282 | D:1      | Gained mutation: You have sharp fingernails. [demonic ancestry]
   282 | D:1      | Reached XP level 2. HP: 24/24 MP: 2/2
   746 | D:1      | Gained mutation: You have a pair of small antennae on your head. [demonic ancestry]
   746 | D:1      | Reached XP level 3. HP: 25/29 MP: 3/3
  1038 | D:2      | Found an opulent altar of Gozag.
  1146 | D:2      | Found a basalt altar of Yredelemnul.
  1677 | D:3      | Reached XP level 4. HP: 35/35 MP: 4/4
  1697 | D:3      | Found a blossoming altar of Fedhas.
  1723 | D:3      | Reached skill level 4 in Long Blades
  2096 | D:3      | Gained mutation: You have very sharp fingernails. [demonic ancestry]
  2096 | D:3      | Reached XP level 5. HP: 15/41 MP: 5/5
  2286 | D:3      | Reached skill level 5 in Long Blades
  2931 | D:4      | Found a glowing drain.
  2954 | Sewer    | Entered a sewer
  3830 | D:4      | Noticed an ogre
  3847 | D:4      | Killed an ogre
  3847 | D:4      | Reached skill level 6 in Long Blades
  3847 | D:4      | Gained mutation: You have a pair of antennae on your head. [demonic ancestry]
  3847 | D:4      | Reached XP level 6. HP: 8/47 MP: 6/6
  4434 | D:4      | Found a white marble altar of Elyvilon.
  4479 | D:4      | Noticed Natasha
  4490 | D:4      | Killed Natasha
  5286 | D:4      | Noticed Grinder
  5303 | D:4      | Paralysed by Grinder for 7 turns
  5308 | D:4      | HP: 1/47 [Grinder (3)]
  5310 | D:4      | Killed from afar by Grinder

Vault maps used:
D:1:      dpeg_arrival_chambers_temple_mockup
D:2:      nicolae_gozag_cash_rules_everything_around_me,
          yredelemnul_altar_generic, grunt_decor_cap
D:3:      lemuel_crystal_altar, hangedman_feature_mirror, minmay_divided_ellipse
D:4:      elyvilon_altar_3, gup_sewer_entry_pipe, uniq_natasha, uniq_grinder
Sewer:    sewer_fruit_machine

Action                   |  1- 3 |  4- 6 || total
-------------------------+-------+-------++-------
Melee: Long sword        |   165 |   341 ||   506
  Use: Scroll            |       |    13 ||    13
  Eat: Chunk             |     3 |    12 ||    15
